TOP OF THE 1ST |
Gresham Gold Souls batting - Pitching for Calgary Cowboys : RHP Abraham Hes
|
Pitching: RHP Abraham Hes
|
|
Batting: LHB Mike Young
|
0-0: Ball 1-0: Ball 2-0: Foul Ball, location: 2F 2-1: Called Strike 2-2: Strikes out swinging
|
Batting: RHB Carlos García
|
0-0: SINGLE (Flyball, 8RS)
|
Batting: RHB Lorenzo Morín
|
0-0: Ball 1-0: Foul Ball, location: 2F 1-1: Called Strike 1-2: Ball 2-2: Strikes out swinging
|
Batting: RHB Lorenzo Guzmán
|
0-0: Ground out 1-3 (Groundball, 13S)
|
Top of the 1st over - 0 run(s), 1 hit(s), 0 error(s), 1 left on base; Gresham 0 - Calgary 0 |
BOTTOM OF THE 1ST |
Calgary Cowboys batting - Pitching for Gresham Gold Souls : RHP William Tagg
|
Pitching: RHP William Tagg
|
|
Batting: RHB Clark Hodge
|
0-0: Ball 1-0: Foul Ball, location: 2F 1-1: Ground out 4-3 (Groundball, 4M)
|
Batting: RHB Mike Wilcox
|
0-0: Ball 1-0: Ball 2-0: Ball 3-0: Base on Balls
|
Batting: RHB Dan Wyatt
|
0-0: Ball 1-0: Called Strike 1-1: Called Strike Mike Wilcox is caught stealing 2nd base 1-2: Strikes out looking
|
Bottom of the 1st over - 0 run(s), 0 hit(s), 0 error(s), 0 left on base; Gresham 0 - Calgary 0 |
TOP OF THE 2ND |
Gresham Gold Souls batting - Pitching for Calgary Cowboys : RHP Abraham Hes
|
Batting: RHB Claudio Guerra
|
0-0: Foul Ball, location: 2F 0-1: Fly out, F6 (Popup, 5DF)
|
Batting: RHB Pablo Lucero
|
0-0: Ball 1-0: Ball 2-0: Foul Ball, location: 2F 2-1: Ball 3-1: Base on Balls
|
Batting: SHB Sean Carr
|
0-0: Ball Pablo Lucero is caught stealing 2nd base 1-0: Called Strike 1-1: Foul Ball, location: 2F 1-2: Foul Ball, location: 2F 1-2: Strikes out swinging
|
Top of the 2nd over - 0 run(s), 0 hit(s), 0 error(s), 0 left on base; Gresham 0 - Calgary 0 |
BOTTOM OF THE 2ND |
Calgary Cowboys batting - Pitching for Gresham Gold Souls : RHP William Tagg
|
Batting: RHB Cristián Peña
|
0-0: Ground out 6-3 (Groundball, 6M)
|
Batting: RHB Ramón Martínez
|
0-0: Ball 1-0: Ground out 5-3 (Groundball, 5S)
|
Batting: RHB Mario Sánchez
|
0-0: Ball 1-0: Ball 2-0: Ball 3-0: Base on Balls
|
Batting: LHB Freddy Herrera
|
0-0: Called Strike 0-1: SINGLE (Groundball, 2L) (infield hit) Mario Sánchez to second
|
Batting: RHB Jesús Hernández
|
0-0: Called Strike 0-1: Ball 1-1: Foul Ball, location: 2F 1-2: Ball 2-2: Fielders Choice at 2nd, 6-4 (Groundball, 6)
|
Bottom of the 2nd over - 0 run(s), 1 hit(s), 0 error(s), 1 left on base; Gresham 0 - Calgary 0 |
TOP OF THE 3RD |
Gresham Gold Souls batting - Pitching for Calgary Cowboys : RHP Abraham Hes
|
Batting: RHB Pablo Castillo
|
0-0: Ball 1-0: Ball 2-0: Foul Ball, location: 2F 2-1: Ball 3-1: Base on Balls
|
Batting: RHB Luke McIndoe
|
0-0: Called Strike 0-1: Foul Ball, location: 2F 0-2: Ball 1-2: Ball 2-2: Ball 3-2: Strikes out looking
|
Batting: LHB Mike Young
|
0-0: SINGLE (Line Drive, 56D) Pablo Castillo to second
|
Batting: RHB Carlos García
|
0-0: Fly out, F4 (Line Drive, 34)
|
Batting: RHB Lorenzo Morín
|
0-0: Called Strike 0-1: Fly out, F8 (Flyball, 8LS)
|
Top of the 3rd over - 0 run(s), 1 hit(s), 0 error(s), 2 left on base; Gresham 0 - Calgary 0 |
BOTTOM OF THE 3RD |
Calgary Cowboys batting - Pitching for Gresham Gold Souls : RHP William Tagg
|
Batting: RHB Tom Yarbrough
|
0-0: Called Strike 0-1: Foul Ball, location: 2F 0-2: DOUBLE (Groundball, 3L)
|
Batting: RHB Clark Hodge
|
0-0: Ground out 5-3 (Groundball, 5)
|
Batting: RHB Mike Wilcox
|
0-0: Ball 1-0: Foul Ball, location: 2F 1-1: Ball 2-1: DOUBLE (Flyball, 78M) Tom Yarbrough scores
|
Batting: RHB Dan Wyatt
|
0-0: Called Strike 0-1: Ball 1-1: Fly out, F8 (Flyball, 8RD) Runner from 2nd tags up, SAFE at 3rd, no throw
|
Batting: RHB Cristián Peña
|
0-0: Ball 1-0: Ball 2-0: Called Strike 2-1: Ground out 5-3 (Groundball, 5)
|
Bottom of the 3rd over - 1 run(s), 2 hit(s), 0 error(s), 1 left on base; Gresham 0 - Calgary 1 |
TOP OF THE 4TH |
Gresham Gold Souls batting - Pitching for Calgary Cowboys : RHP Abraham Hes
|
Batting: RHB Lorenzo Guzmán
|
0-0: Ground out 2-3 (Groundball, 25)
|
Batting: RHB Claudio Guerra
|
0-0: Ball 1-0: Swinging Strike 1-1: Swinging Strike 1-2: Ground out 6-3 (Groundball, 6)
|
Batting: RHB Pablo Lucero
|
0-0: Ball 1-0: Ball 2-0: Ball 3-0: Called Strike 3-1: Foul Ball, location: 2F 3-2: Base on Balls
|
Batting: SHB Sean Carr
|
0-0: Ball 1-0: Called Strike 1-1: Fly out, F8 (Flyball, 78D)
|
Top of the 4th over - 0 run(s), 0 hit(s), 0 error(s), 1 left on base; Gresham 0 - Calgary 1 |
BOTTOM OF THE 4TH |
Calgary Cowboys batting - Pitching for Gresham Gold Souls : RHP William Tagg
|
Batting: RHB Ramón Martínez
|
0-0: Ball 1-0: Ball 2-0: Ground out 5-3 (Groundball, 56)
|
Batting: RHB Mario Sánchez
|
0-0: Fly out, F4 (Line Drive, 4)
|
Batting: LHB Freddy Herrera
|
0-0: Ball 1-0: Ball 2-0: Called Strike 2-1: SINGLE (Groundball, 4MD)
|
Batting: RHB Jesús Hernández
|
0-0: Ball 1-0: Fly out, F1 (Line Drive, 13)
|
Bottom of the 4th over - 0 run(s), 1 hit(s), 0 error(s), 1 left on base; Gresham 0 - Calgary 1 |
TOP OF THE 5TH |
Gresham Gold Souls batting - Pitching for Calgary Cowboys : RHP Abraham Hes
|
Batting: RHB Pablo Castillo
|
0-0: SINGLE (Line Drive, 8RS)
|
Batting: RHB Luke McIndoe
|
0-0: Foul Ball, location: 2F 0-1: Foul Ball, location: 2F 0-2: Foul Ball, location: 2F 0-2: Ball 1-2: DOUBLE (Flyball, 78XD) Pablo Castillo to third Runner from 3rd tries for Home, SAFE, throw made home
|
Batting: LHB Mike Young
|
0-0: Ball 1-0: Ball 2-0: Ball 3-0: Base on Balls
|
Batting: RHB Carlos García
|
0-0: Ball 1-0: Ball 2-0: Fly out, F9 (Flyball, 89D) Runner from 2nd tags up, SAFE at 3rd, no throw
|
Batting: RHB Lorenzo Morín
|
0-0: Called Strike Mike Young steals 2nd base 0-1: DOUBLE (Line Drive, 78S) Luke McIndoe scores Mike Young scores
|
Batting: RHB Lorenzo Guzmán
|
0-0: Intentional Walk
|
Batting: RHB Claudio Guerra
|
0-0: Called Strike 0-1: Ball 1-1: Foul Ball, location: 2F 1-2: Ball 2-2: Foul Ball, location: 2F 2-2: Ball 3-2: Foul Ball, location: 2F 3-2: Foul Ball, location: 2F 3-2: Base on Balls Lorenzo Morín to third Lorenzo Guzmán to second
|
Batting: RHB Pablo Lucero
|
0-0: Ball 1-0: Ball 2-0: Called Strike 2-1: Ball 3-1: Called Strike 3-2: Base on Balls Lorenzo Morín scores Lorenzo Guzmán to third Claudio Guerra to second
|
Batting: SHB Sean Carr
|
0-0: Foul Ball, location: 2F 0-1: Foul Ball, location: 2F 0-2: Ball 1-2: Ball 2-2: Ball 3-2: Strikes out swinging
|
Batting: RHB Pablo Castillo
|
0-0: Ball 1-0: SINGLE (Groundball, 6MD) Lorenzo Guzmán scores Claudio Guerra to third Pablo Lucero to second
|
Batting: RHB Luke McIndoe
|
0-0: Called Strike 0-1: Fly out, F8 (Line Drive, 8LM)
|
Top of the 5th over - 5 run(s), 4 hit(s), 0 error(s), 3 left on base; Gresham 5 - Calgary 1 |
BOTTOM OF THE 5TH |
Calgary Cowboys batting - Pitching for Gresham Gold Souls : RHP William Tagg
|
Batting: RHB Tom Yarbrough
|
0-0: Ground out 5-3 (Groundball, 56)
|
Batting: RHB Clark Hodge
|
0-0: Ball 1-0: Foul Ball, location: 2F 1-1: Swinging Strike 1-2: Foul Ball, location: 2F 1-2: Ball 2-2: Strikes out swinging
|
Batting: RHB Mike Wilcox
|
0-0: SINGLE (Flyball, 89S)
|
Batting: RHB Dan Wyatt
|
0-0: Ball 1-0: Called Strike 1-1: Swinging Strike 1-2: Foul Ball, location: 2F 1-2: Ball 2-2: Ball 3-2: Base on Balls Mike Wilcox to second
|
Batting: RHB Cristián Peña
|
0-0: Swinging Strike 0-1: Fielders Choice at 2nd, 5-4 (Groundball, 56)
|
Bottom of the 5th over - 0 run(s), 1 hit(s), 0 error(s), 1 left on base; Gresham 5 - Calgary 1 |
TOP OF THE 6TH |
Gresham Gold Souls batting - Pitching for Calgary Cowboys : RHP Abraham Hes
|
Batting: LHB Mike Young
|
0-0: Ball 1-0: Ground out 6-3 (Groundball, 6)
|
Batting: RHB Carlos García
|
0-0: Called Strike 0-1: Swinging Strike 0-2: Ball 1-2: Foul Ball, location: 2F 1-2: Ball 2-2: Ball 3-2: SINGLE (Groundball, 13) (infield hit)
|
Pitching: LHP Mario Rosário
|
|
Batting: RHB Lorenzo Morín
|
0-0: Called Strike 0-1: Ball 1-1: Fly out, F6 (Popup, 6)
|
Batting: RHB Lorenzo Guzmán
|
0-0: Ball 1-0: Called Strike 1-1: Ball 2-1: Swinging Strike 2-2: Ball 3-2: Strikes out swinging
|
Top of the 6th over - 0 run(s), 1 hit(s), 0 error(s), 1 left on base; Gresham 5 - Calgary 1 |
BOTTOM OF THE 6TH |
Calgary Cowboys batting - Pitching for Gresham Gold Souls : RHP William Tagg
|
Batting: RHB Ramón Martínez
|
0-0: Ground out U3 (Groundball, 3S)
|
Batting: RHB Mario Sánchez
|
0-0: SINGLE (Groundball, 6M)
|
Batting: LHB Freddy Herrera
|
0-0: Ball 1-0: SINGLE (Groundball, 6) Mario Sánchez to second
|
Batting: RHB Jesús Hernández
|
0-0: Ball 1-0: Fly out, F9 (Flyball, 9LM)
|
Batting: RHB Tom Yarbrough
|
0-0: Ball 1-0: Ball 2-0: SINGLE (Line Drive, 6) Mario Sánchez to third Freddy Herrera to second Runner from 3rd tries for Home, SAFE, no throw or cutoff
|
Batting: RHB Clark Hodge
|
0-0: SINGLE (Groundball, 6MS) Freddy Herrera to third Tom Yarbrough to second Runner from 3rd tries for Home, SAFE, throw made home Tom Yarbrough to third Clark Hodge to second
|
Batting: RHB Mike Wilcox
|
0-0: Swinging Strike 0-1: Fly out, F9 (Flyball, 89M)
|
Bottom of the 6th over - 2 run(s), 4 hit(s), 0 error(s), 2 left on base; Gresham 5 - Calgary 3 |
TOP OF THE 7TH |
Gresham Gold Souls batting - Pitching for Calgary Cowboys : LHP Mario Rosário
|
Batting: RHB Claudio Guerra
|
0-0: Ball 1-0: Ball 2-0: Ground out 6-3 (Groundball, 6MS)
|
Batting: RHB Pablo Lucero
|
0-0: Ball 1-0: Foul Ball, location: 2F 1-1: Ball 2-1: Called Strike 2-2: Ball 3-2: Base on Balls
|
Batting: SHB Sean Carr
|
0-0: Ball 1-0: Ball 2-0: Ball 3-0: Base on Balls Pablo Lucero to second
|
Batting: RHB Pablo Castillo
|
0-0: Fly out, F7 (Flyball, 7LDF) Runner from 2nd tags up, SAFE at 3rd, no throw
|
Batting: RHB Luke McIndoe
|
0-0: Ball 1-0: Foul Ball, location: 2F 1-1: Called Strike 1-2: Foul Ball, location: 2F 1-2: Ball 2-2: Ball 3-2: Foul Ball, location: 2F 3-2: Base on Balls Sean Carr to second
|
Pinch Hitting: RHB George Jost
|
0-0: Called Strike 0-1: Ball 1-1: Foul Ball, location: 2F 1-2: Foul Ball, location: 2F 1-2: Ball 2-2: Fly out, F9 (Flyball, 9M)
|
Top of the 7th over - 0 run(s), 0 hit(s), 0 error(s), 3 left on base; Gresham 5 - Calgary 3 |
BOTTOM OF THE 7TH |
Calgary Cowboys batting - Pitching for Gresham Gold Souls : RHP William Tagg
|
Now in CF: George Jost
|
|
Batting: RHB Dan Wyatt
|
0-0: Ball 1-0: Ground out 6-3 (Groundball, 6M)
|
Batting: RHB Cristián Peña
|
0-0: Called Strike 0-1: DOUBLE (Groundball, 3L)
|
Batting: RHB Ramón Martínez
|
0-0: Foul Ball, location: 2F 0-1: Called Strike 0-2: Foul Ball, location: 2F 0-2: Ball Wild Pitch! Cristián Peña to third 1-2: Ball 2-2: Ball 3-2: Strikes out swinging
|
Batting: RHB Mario Sánchez
|
0-0: Ground out 6-3 (Groundball, 6M)
|
Bottom of the 7th over - 0 run(s), 1 hit(s), 0 error(s), 1 left on base; Gresham 5 - Calgary 3 |
TOP OF THE 8TH |
Gresham Gold Souls batting - Pitching for Calgary Cowboys : LHP Mario Rosário
|
Batting: RHB Carlos García
|
0-0: Called Strike 0-1: Foul Ball, location: 2F 0-2: Strikes out looking
|
Pitching: LHP Alfredo Durán
|
|
Batting: RHB Lorenzo Morín
|
0-0: Called Strike 0-1: Ball 1-1: Foul Ball, location: 2F 1-2: Ball 2-2: Ball 3-2: Ground out 5-3 (Groundball, 56)
|
Batting: RHB Lorenzo Guzmán
|
0-0: Ground out U3 (Groundball, 3)
|
Top of the 8th over - 0 run(s), 0 hit(s), 0 error(s), 0 left on base; Gresham 5 - Calgary 3 |
BOTTOM OF THE 8TH |
Calgary Cowboys batting - Pitching for Gresham Gold Souls : RHP William Tagg
|
Batting: LHB Freddy Herrera
|
0-0: Hit by Pitch
|
Batting: RHB Jesús Hernández
|
0-0: Ball 1-0: Swinging Strike 1-1: Ball 2-1: Ground out 5-3 (Groundball, 15S) Freddy Herrera to second
|
Batting: RHB Tom Yarbrough
|
0-0: Hit by Pitch
|
Batting: RHB Clark Hodge
|
0-0: Ball 1-0: Ball 2-0: Ball 3-0: Foul Ball, location: 2F 3-1: Base on Balls Freddy Herrera to third Tom Yarbrough to second
|
Pitching: RHP Ricky Gutiérrez
|
|
Batting: RHB Mike Wilcox
|
0-0: Ball 1-0: Foul Ball, location: 2F 1-1: Called Strike 1-2: Foul Ball, location: 2F 1-2: Ball 2-2: Strikes out swinging
|
Pitching: LHP Allan Bader
|
|
Batting: RHB Dan Wyatt
|
0-0: Foul Ball, location: 2F 0-1: Ball 1-1: Ball 2-1: Ball 3-1: Fielders Choice at 2nd, U6 (Groundball, 6M)
|
Bottom of the 8th over - 0 run(s), 0 hit(s), 0 error(s), 3 left on base; Gresham 5 - Calgary 3 |
TOP OF THE 9TH |
Gresham Gold Souls batting - Pitching for Calgary Cowboys : LHP Alfredo Durán
|
Batting: RHB Claudio Guerra
|
0-0: Called Strike 0-1: Ball 1-1: Ball 2-1: Called Strike 2-2: Ball 3-2: Ground out 4-3 (Groundball, 4)
|
Batting: RHB Pablo Lucero
|
0-0: Ball 1-0: Foul Ball, location: 2F 1-1: Foul Ball, location: 2F 1-2: Ball 2-2: Foul Ball, location: 2F 2-2: Ball 3-2: Foul Ball, location: 2F 3-2: Foul Ball, location: 2F 3-2: Foul Ball, location: 2F 3-2: Fly out, F9 (Flyball, 89D)
|
Batting: SHB Sean Carr
|
0-0: Ball 1-0: Swinging Strike 1-1: Called Strike 1-2: Fly out, F7 (Line Drive, 7D)
|
Top of the 9th over - 0 run(s), 0 hit(s), 0 error(s), 0 left on base; Gresham 5 - Calgary 3 |
BOTTOM OF THE 9TH |
Calgary Cowboys batting - Pitching for Gresham Gold Souls : LHP Allan Bader
|
Pitching: LHP Pepe Caro
|
|
Batting: RHB Cristián Peña
|
0-0: Foul Ball, location: 2F 0-1: Fly out, F6 (Popup, 4M)
|
Batting: RHB Ramón Martínez
|
0-0: Ball 1-0: Ball 2-0: DOUBLE (Groundball, 5L)
|
Batting: RHB Mario Sánchez
|
0-0: Ball 1-0: Ball 2-0: Ball 3-0: Base on Balls
|
Pinch Runner at 2nd Derek Carr:
|
|
Pinch Hitting: RHB Shayne Burry
|
0-0: Called Strike 0-1: Grounds into double play, U6-3 (Groundball, 6M)
|
Bottom of the 9th over - 0 run(s), 1 hit(s), 0 error(s), 1 left on base; Gresham 5 - Calgary 3 |
|